 Dungeon Crawl Stone Soup version 0.27.1-4-g1640c2035a (webtiles) character file.

Game seed: 70107192619994019

1304 Stomo444 the Gusty (level 8, -9/63 HPs)
             Began as a Vine Stalker Air Elementalist on Nov 12, 2021.
             Mangled by Pikel (11 damage)
             ... on level 5 of the Dungeon.
             The game lasted 00:15:43 (6922 turns).

Stomo444 the Gusty (Vine Stalker Air Elementalist)  Turns: 6922, Time: 00:15:44

Health: -9/63      AC: 24    Str: 20    XL:     8   Next: 57%
Magic:  0/16       EV:  2    Int: 18    God:
Gold:   209        SH:  0    Dex: 14    Spells: 7/17 levels left

rFire    . . .     SeeInvis .   l - +1 short sword (holy)
rCold    . . .     Faith    .   (no shield)
rNeg     + + +     Spirit   +   (armour currently unavailable)
rPois    +         Reflect  .   (helmet currently unavailable)
rElec    .         Harm     .   (cloak currently unavailable)
rCorr    .         Rampage  .   (gloves currently unavailable)
Will     +....     NoTele   +   (boots currently unavailable)
Stlth    ++........             (no amulet)
HPRegen  1.20/turn              h - +6 ring of strength
MPRegen  0.15/turn              o - ring of Osapsacu {Wiz Fly Int+3}

@: tree-form
A: stationary, stasis, torment immunity, boosted hp, (fangs 3), regeneration 1,
magic shield, (antimagic bite), no potion heal 2
a: no special abilities


You were on level 5 of the Dungeon.
You were a tree.
You visited 1 branch of the dungeon, and saw 5 of its levels.
You also visited: Ossuary.

You collected 209 gold pieces.

Inventory:

Hand Weapons
 b - a +0 dagger
 l - a +1 short sword of holy wrath (weapon)
Armour
 a - a +0 robe (melded)
 m - a +1 cloak (melded)
Jewellery
 h - a +6 ring of strength (left branch)
 i - a ring of protection from cold
 o - the ring of Osapsacu (right branch) {Wiz Fly Int+3}
   (You found it on level 4 of the Dungeon)

   [ring of wizardry]

   It improves your spell success rate.
   Int:       It affects your intelligence (+3).
   Fly:       It grants you flight.
 q - a ring of positive energy
 t - a +6 ring of strength
Wands
 j - a wand of flame (23)
Scrolls
 c - 4 scrolls of teleportation
 s - a scroll of enchant armour
Potions
 d - 2 potions of magic
 e - 3 potions of curing
 f - 2 potions of mutation
 g - 2 potions of lignification
 k - a potion of resistance
 n - a potion of attraction
 p - a potion of degeneration {unknown}
 r - a potion of flight {unknown}


   Skills:
 + Level 4.0 Fighting
 + Level 4.1 Dodging
 - Level 2.4 Stealth
 + Level 5.2 Spellcasting
 - Level 3.6 Conjurations
 + Level 5.5 Air Magic


You had 7 spell levels left.
You knew the following spells:

 Your Spells              Type           Power      Damage    Failure   Level
a - Shock                 Conj/Air       84%        1d8       1%          1
b - Static Discharge      Conj/Air       21%        N/A       1%          2
c - Swiftness             Air            24%        N/A       1%          3
d - Airstrike             Air            12%        N/A       6%          4

Your spell library contained the following spells:

 Spells                   Type           Power      Damage    Failure   Level
 Sandblast                Erth           8%         2d5       5%          1
 Summon Small Mammal      Summ           16%        N/A       5%          1
 Passwall                 Tmut/Erth      3%         N/A       9%          2
 Call Canine Familiar     Summ           4%         N/A       16%         3
 Summon Guardian Golem    Hex/Summ       4%         N/A       16%         3
 Lee's Rapid Deconstruct  Erth           2%         3d5*      78%         5


Dungeon Overview and Level Annotations

Branches:
Dungeon (5/15)            Ossuary (visited)
 Temple: D:4-7

Altars:
Elyvilon
Gozag

Shops:
D:4 ?

Portals:
Abyss: D:4

Annotations:
D:4 2 transporters, jessy's ghost, amateur OpBr
D:5 2 runed translucent doors, Pikel; bronco's ghost, novice HONe


Innate Abilities, Weirdness & Mutations

You are a tree.
Your roots penetrate the ground, keeping you stationary.
You cannot be teleported.
You are immune to unholy pain and torment.
Your maximum health is greatly increased.
Your equipment is partially melded.
((You have razor-sharp teeth.))
Your natural rate of healing is unusually fast.
When hurt, damage is shared between your health and your magic reserves.
((Your bite disrupts and absorbs the magic of your enemies.))
Potions cannot restore your health.


Message History

Casting: Airstrike (dangerous; 6% risk of failure)
Confirm with . or Enter, or press ? or * to list all spells.
Aiming: Airstrike (dangerous; 6% risk of failure)
Press: ? - help, Dir - move target, f/p - Pikel
Aim: Pikel, wielding a +2 whip of electrocution and wearing a +0 robe (moderately wounded)
The air twists around and strikes Pikel!
Pikel is heavily wounded.
Pikel drinks a potion.
Pikel is healed!
Casting: Airstrike (dangerous; 6% risk of failure)
Confirm with . or Enter, or press ? or * to list all spells.
Aiming: Shock (safe; 1% risk of failure)
Press: ? - help, Shift-Dir - straight line, f - lemure, p - Pikel
Aim: a lemure (67% to hit)
The zap hits Pikel.
Pikel is lightly wounded.
The zap hits the lemure.
The lemure is lightly wounded.
The zap hits the lemure.
The lemure is moderately wounded.
Pikel says, "You'll rust in Dis!"
Pikel hits you but does no damage.
You are electrocuted!
* * * LOW HITPOINT WARNING * * *
Unknown command.
Okay, then.
You cannot teleport because you are held in place by your roots.
Unknown command.
You cannot move.
You closely miss Pikel.
Pikel is lightly wounded.
Pikel barely misses you.
Unknown command.
You hit Pikel but do no damage. Pikel hits you but does no damage.
Unknown command.
You hit Pikel but do no damage. Pikel hits you but does no damage.
Unknown command.
You barely miss Pikel.
Pikel hits you with a +2 whip of electrocution.
* * * LOW HITPOINT WARNING * * *
You are electrocuted!
You die...

#### .#Z..#
.s....###
5.55..55# #K# ....
##♣#
......#########..#
......##........##
.............####
......###<..##
......##...##
...........#
...#..####.##
............#


You could see Pikel and 2 lemures.

Vanquished Creatures
  Grinder (D:5)
  A necrophage (D:4)
  2 ogres
  A phantom (D:5)
  A scorpion (D:5)
  5 water moccasin zombies (Ossuary)
  A bullfrog skeleton (D:4)
  A hound (D:5)
  A centaur skeleton (D:5)
  A jelly (D:5)
  2 iguanas (D:5)
  An orc wizard (D:3)
  2 hound skeletons (D:4)
  2 mummies (Ossuary)
  2 howler monkey skeletons
  6 adders (D:3)
  A white imp (D:5)
  An ufetubus (D:5)
  3 adder zombies (Ossuary)
  An adder skeleton (D:4)
  3 worms
  A dart slug (D:1)
  5 orcs
  5 endoplasms
  2 giant cockroaches (D:4)
  5 goblins
  10 hobgoblins
  10 jackals
  4 kobolds
  5 quokkas
  11 ball pythons
  3 bats
  6 frilled lizards
  2 gnoll zombies (Ossuary)
  6 hobgoblin zombies (Ossuary)
  5 kobold zombies (Ossuary)
  5 orc zombies (Ossuary)
  6 rats
130 creatures vanquished.

Notes
Turn   | Place    | Note
-------+----------+-------------------------------------------
     0 | D:1      | Stomo444 the Vine Stalker Air Elementalist began the quest
                  | for the Orb.
     0 | D:1      | Reached XP level 1. HP: 9/9 MP: 4/4
   509 | D:1      | Reached XP level 2. HP: 14/14 MP: 0/6
   678 | D:1      | Learned a level 2 spell: Static Discharge
   976 | D:1      | Found a faded altar of an unknown god.
  1329 | D:2      | Reached XP level 3. HP: 17/17 MP: 0/7
  2193 | D:3      | Reached skill level 1 in Fighting
  2557 | D:3      | Gained mutation: Your natural rate of healing is unusually
                  | fast. [Vine Stalker growth]
  2557 | D:3      | Reached XP level 4. HP: 22/22 MP: 6/9
  3283 | D:3      | Reached XP level 5. HP: 25/25 MP: 7/10
  3668 | D:3      | You fall into a shaft and drop 2 floors!
  3668 | D:5      | Entered Level 5 of the Dungeon
  3668 | D:5      | Found a sand-covered staircase.
  3685 | Ossuary  | Entered an ossuary
  3864 | Ossuary  | Reached XP level 6. HP: 27/30 MP: 2/12
  4075 | Ossuary  | Reached XP level 7. HP: 14/35 MP: 4/13
  4572 | D:4      | Identified the ring of Osapsacu {Wiz Fly Int+3}
  4610 | D:3      | Learned a level 3 spell: Swiftness
  4615 | D:3      | Learned a level 4 spell: Airstrike
  4766 | D:4      | Found a transporter.
  4770 | D:4      | Found a transporter.
  4773 | D:4      | Found a one-way gate to the infinite horrors of the Abyss.
  4773 | D:4      | Noticed jessy's ghost (amateur OpBr)
  5093 | D:4      | Found Cek Houb's Magic Scroll Emporium.
  5533 | D:4      | Found an opulent altar of Gozag.
  5731 | D:4      | Gained mutation: You have razor-sharp teeth. [Vine Stalker
                  | growth]
  5731 | D:4      | Reached XP level 8. HP: 40/40 MP: 9/15
  6161 | D:4      | Found a white marble altar of Elyvilon.
  6364 | D:5      | Reached skill level 5 in Air Magic
  6452 | D:5      | Found a runed translucent door.
  6457 | D:5      | Noticed bronco's ghost (novice HONe)
  6457 | D:5      | Noticed Grinder
  6462 | D:5      | Killed Grinder
  6595 | D:5      | Reached skill level 5 in Spellcasting
  6748 | D:5      | Found a runed translucent door.
  6899 | D:5      | Noticed Pikel
  6918 | D:5      | HP: 1/63 [Pikel (9)]
  6922 | D:5      | Mangled by Pikel

Illustrated notes

Levels and vault maps discovered:
D:1:      dpeg_arrival_rooms_a, layout_basic,
          dreamdust_ecumenical_altar_angels_and_demons, chequers_arboretum
D:2:      layout_basic
D:3:      layout_loops_ring, lightli_sewer_entry_pipes
D:4:      kennysheep_six_static_rooms, layout_gridville, amcnicky_altar_gilded,
          nicolae_gozag_cash_rules_everything_around_me, serial_shops,
          nicolae_shop_waterfront, gammafunk_ghost_abyssal_escape
D:5:      black_bear_nest_2, layout_cave_pools, marbit_many_paths,
          enter_ossuary_1, ebering_ghost_sewer_f, uniq_crazy_yiuf_cottage,
          uniq_pikel, uniq_grinder

Skill      XL: |  1  2  3  4  5  6  7  8 |
---------------+-------------------------+-----
Fighting       | 1 2 3 4 |  4.0
Dodging        | 2 3 4 |  4.1
Conjurations   | 2 3 |  3.6
Spellcasting   | 3 4 5 |  5.2
Air Magic      | 4 5 |  5.5
Stealth        | |  2.4

Action                   |  1- 3 |  4- 6 |  7- 9 || total
-------------------------+-------+-------+-------++-------
Melee: Dagger            |    21 |    76 |    42 ||   139
       Bite              |     7 |    25 |    16 ||    48
       Short sword       |       |       |    14 ||    14
 Cast: Shock             |    79 |    31 |    24 ||   134
       Static Discharge  |     4 |    46 |    23 ||    73
       Airstrike         |       |       |    44 ||    44
  Use: Scroll            |       |     5 |     2 ||     7
       Potion            |       |     5 |     3 ||     8
Armor: Robe              |     1 |    22 |    11 ||    34
       Skin              |       |       |     8 ||     8
Dodge: Dodged            |    24 |    67 |    29 ||   120
